 Dungeon Crawl Stone Soup version 0.29-a0-371-g91724d5b39 (webtiles) character file.

Game seed: 8179241618659419896

379 Bruhh the Digger (level 7, -2/69 HPs)
             Began as a Human Earth Elementalist on May 3, 2022.
             Was an Initiate of Gozag.
             Slain by a wraith (5 damage)
             ... on level 5 of the Dungeon.
             The game lasted 00:09:32 (4463 turns).

Bruhh the Digger (Human Earth Elementalist)         Turns: 4463, Time: 00:09:33

Health: -2/69      AC: 23    Str:  6    XL:     7   Next: 4%
Magic:  10/14      EV:  2    Int: 17    God:    Gozag
Gold:   344        SH:  0    Dex: 14    Spells: 11/15 levels left

rFire   + . .      SeeInvis .   i - +0 spear (venom)
rCold   + . .      Faith    .   (no shield)
rNeg    . . .      Spirit   .   (body armour currently unavailable)
rPois   +          Reflect  .   (helmet currently unavailable)
rElec   +          Harm     .   (cloak currently unavailable)
rCorr   +          Rampage  .   (gloves currently unavailable)
Will    .....      NoTele   +   (boots currently unavailable)
Stlth   ++........              (no amulet)
HPRegen 0.21/turn               (no ring)
MPRegen 0.14/turn               (no ring)

@: mighty, tree-form, resistant, slowed, very slow
A: stationary, stasis, torment immunity, boosted hp, (fire resistance 1), weak
1, no potion heal 1
a: Renounce Religion, Potion Petition, Call Merchant, Bribe Branch


You were on level 5 of the Dungeon.
You worshipped Gozag.
Gozag was aware of your devotion.
You were a tree.
You visited 1 branch of the dungeon, and saw 5 of its levels.

You collected 405 gold pieces.
You paid 61 gold pieces to Gozag.

Inventory:

Hand Weapons
 i - a +0 spear of venom (weapon)
 j - the +4 hunting sling of Myap {flame, rF+ rCorr Str-3 Dex+5}
   (You found it on level 2 of the Dungeon)

   Any ammunition fired from it burns those it strikes, dealing additional fire
   damage.
   Str:       It affects your strength (-3).
   Dex:       It affects your dexterity (+5).
   rF:        It protects you from fire.
   rCorr:     It protects you from acid and corrosion.
Missiles
 a - 53 stones
Armour
 b - a +0 robe (melded)
 p - a +2 pair of gloves (melded)
Jewellery
 k - a ring of protection from fire
 w - an amulet of reflection
Wands
 n - a wand of acid (8)
 t - a wand of iceblast (9)
 v - a wand of flame (15)
Scrolls
 d - a scroll of noise {unknown}
 e - 4 scrolls of identify {unknown}
 f - 5 scrolls of teleportation {unknown}
 h - 2 scrolls of magic mapping {unknown}
 m - 2 scrolls of blinking {unknown}
 q - a scroll of fear {unknown}
 r - 2 scrolls of vulnerability {unknown}
 s - 2 scrolls of fog {unknown}
 u - a scroll of immolation {unknown}
Potions
 c - a potion of magic


   Skills:
 - Level 2.0 Dodging
 - Level 2.0 Stealth
 + Level 4.8 Spellcasting
 + Level 1.8 Conjurations
 - Level 1.0 Transmutations
 - Level 5.0 Earth Magic


You had 11 spell levels left.
You knew the following spells:

 Your Spells              Type           Power      Damage    Failure   Level
a - Sandblast             Erth           42%        2d11      1%          1
b - Stone Arrow           Conj/Erth      30%        3d8       11%         3

Your spell library contained the following spells:

 Spells                   Type           Power      Damage    Failure   Level
 Passwall                 Tmut/Erth      11%        N/A       6%          2
 Magic Dart               Conj           40%        1d5       7%          1
 Animate Skeleton         Necr           8%         N/A       14%         1
 Pain                     Necr           16%        1d4       14%         1
 Call Imp                 Summ           4%         N/A       22%         2
 Mephitic Cloud           Conj/Pois/Air  6%         N/A       34%         3
 Petrify                  Tmut/Erth      14%        N/A       38%         4
 Vampiric Draining        Necr           4%         2d6       41%         3


Dungeon Overview and Level Annotations

Branches:
Dungeon (5/15)
 Temple: D:4-7

Altars:
Ashenzari
Dithmenos
Elyvilon
Gozag
Makhleb
Okawaru
Sif Muna
Uskayaw


Innate Abilities, Weirdness & Mutations

You are a tree.
Your roots penetrate the ground, keeping you stationary.
You cannot be teleported.
You are immune to unholy pain and torment.
Your maximum health is greatly increased.
Your equipment is partially melded.
((Your flesh is heat resistant. (rF+)))
You are weak. (Str -2)
Potions are less effective at restoring your health.


Message History

Press: ? - help, Shift-Dir - straight line, f - wraith
Aim: a wraith (lightly damaged, 81% to hit)
The blast of sand hits the wraith.
The wraith is moderately damaged.
The wraith hits you but does no damage. x2
Unknown command.
Casting: Sandblast (safe; 1% risk of failure)
Confirm with . or Enter, or press ? or * to list all spells.
Aiming: Sandblast (safe; 1% risk of failure)
Press: ? - help, Shift-Dir - straight line, f/p - wraith
Aim: a wraith (moderately damaged, 81% to hit)
The blast of sand hits the wraith but does no damage.
The wraith is moderately damaged.
The wraith barely misses you.
Unknown command.
Casting: Sandblast (safe; 1% risk of failure)
Confirm with . or Enter, or press ? or * to list all spells.
Aiming: Sandblast (safe; 1% risk of failure)
Press: ? - help, Shift-Dir - straight line, f/p - wraith
Aim: a wraith (moderately damaged, 81% to hit)
The blast of sand hits the wraith but does no damage.
The wraith is moderately damaged.
The wraith barely misses you. The wraith hits you but does no damage.
Unknown command.
Casting: Sandblast (safe; 1% risk of failure)
Confirm with . or Enter, or press ? or * to list all spells.
Aiming: Sandblast (safe; 1% risk of failure)
Press: ? - help, Shift-Dir - straight line, f/p - wraith
Aim: a wraith (moderately damaged, 81% to hit)
The blast of sand hits the wraith but does no damage.
The wraith is moderately damaged.
The wraith hits you but does no damage.
Unknown command.
Casting: Sandblast (safe; 1% risk of failure)
Confirm with . or Enter, or press ? or * to list all spells.
Aiming: Sandblast (safe; 1% risk of failure)
Press: ? - help, Shift-Dir - straight line, p - wraith The wraith hits you.
You die...
Your body crumbles into a pile of gold.

#.....#.###.
#.....#....
#.....#..#
#.....#..######
######...#.[.......
#............###.#
#.[##.....#......#
#.$#.##.##...#.###
#.♣##.#.#........#
#W$###....#..###.#
#..# ##.#.#..# ..
#..# #.#.#..# #
#..# #.#.#... #..#
#.....### #..#
......# #... ..###.
##.# .## #


You could see a wraith.

Vanquished Creatures
  An ogre (D:5)
  A howler monkey (D:5)
  2 hounds (D:4)
  An orc priest (D:3)
  Terence (D:3)
  4 adders
  3 gnolls (D:1)
  A dart slug (D:4)
  6 orcs (D:3)
  6 ball pythons
  10 bats
  6 endoplasms
  5 giant cockroaches
  3 goblins
  7 hobgoblins
  4 jackals (D:4)
  2 quokkas
  3 frilled lizards
  5 kobolds
  4 rats
75 creatures vanquished.

Notes
Turn   | Place    | Note
-------+----------+-------------------------------------------
     0 | D:1      | Bruhh the Human Earth Elementalist began the quest for the
                  | Orb.
     0 | D:1      | Reached XP level 1. HP: 13/13 MP: 3/3
    34 | D:1      | Found a faded altar of an unknown god.
   143 | D:1      | Reached XP level 2. HP: 19/19 MP: 3/5
   543 | D:1      | Reached XP level 3. HP: 15/24 MP: 0/7
   996 | D:1      | Reached XP level 4. HP: 25/30 MP: 5/8
  1239 | D:1      | Reached skill level 4 in Earth Magic
  1585 | D:2      | Identified the +4 hunting sling of Myap {flame, rF+ rCorr
                  | Str-3 Dex+5}
  2708 | D:3      | Reached XP level 5. HP: 26/35 MP: 4/10
  2826 | D:3      | Found a hide-covered altar of Uskayaw.
  2855 | D:3      | Found an opulent altar of Gozag.
  2862 | D:3      | Became a worshipper of Gozag Ym Sagoz the Greedy
  3335 | D:3      | Found a white marble altar of Elyvilon.
  3337 | D:3      | Noticed Terence
  3349 | D:3      | Killed Terence
  3513 | D:4      | Found a shadowy altar of Dithmenos.
  3513 | D:4      | Found a burning altar of Makhleb.
  3513 | D:4      | Found an iron altar of Okawaru.
  3513 | D:4      | Found a shimmering blue altar of Sif Muna.
  3864 | D:4      | Reached XP level 6. HP: 41/41 MP: 11/11
  3908 | D:4      | Found a broken altar of Ashenzari.
  3996 | D:4      | Reached skill level 5 in Earth Magic
  4156 | D:4      | Learned a level 3 spell: Stone Arrow
  4400 | D:5      | Entered Level 5 of the Dungeon
  4429 | D:5      | Noticed an ogre
  4433 | D:5      | Killed an ogre
  4434 | D:5      | Reached skill level 1 in Conjurations
  4437 | D:5      | Noticed a wraith
  4447 | D:5      | Reached XP level 7. HP: 11/46 MP: 11/14
  4449 | D:5      | Gained mutation: You are weak. (Str -2) [potion of
                  | mutation]
  4449 | D:5      | Gained mutation: Potions are less effective at restoring
                  | your health. [potion of mutation]
  4449 | D:5      | Gained mutation: Your flesh is heat resistant. (rF+)
                  | [potion of mutation]
  4458 | D:5      | HP: 2/69 [wraith (9)]
  4463 | D:5      | Slain by a wraith

Illustrated notes

Levels and vault maps discovered:
D:1:      ncdulo_lavacross, layout_loops_ring,
          shapermc_ecumenical_altar_mp_highgroup
D:2:      layout_loops_ring
D:3:      layout_basic, mainiacjoe_overflow_boulevard,
          mainiacjoe_overflow_two_lobes, uniq_terence
D:4:      layout_loops_cross, grunt_temple_overflow_open,
          ashenzari_conservatory_becter
D:5:      layout_loops_ring, st_stairs_2, uniq_menkaure

Skill      XL: |  1  2  3  4  5  6 |
---------------+-------------------+-----
Spellcasting   | 3 4 |  4.8
Earth Magic    | 4 5 |  5.0
Conjurations   | 1 |  1.8
Dodging        | |  2.0
Stealth        | |  2.0
Transmutations | |  1.0

Action                   |  1- 3 |  4- 6 |  7- 9 || total
-------------------------+-------+-------+-------++-------
Melee: Unarmed           |     4 |       |       ||     4
       Spear             |       |   133 |     8 ||   141
       Punch             |       |     2 |       ||     2
 Cast: Sandblast         |    37 |    29 |     5 ||    71
  Use: Potion            |       |       |     4 ||     4
 Stab: Sleeping          |       |    10 |       ||    10
       Distracted        |       |     1 |       ||     1
Armor: Robe              |     5 |    31 |       ||    36
       Skin              |       |       |    12 ||    12
Dodge: Dodged            |    19 |    78 |     3 ||   100

Table legend: (Time is in decaauts)
 A = Elapsed time spent in this place.
 B = Non-inter-level travel time spent in this place.
 C = Inter-level travel time spent in this place.
 D = Time resting spent in this place.
 E = Time spent auto-exploring this place.
 F = Levels seen in this place.
 G = Mean time per level.
                   A        B        C        D        E       F      G
               +--------+--------+--------+--------+--------+-----+--------+
         Total |   4485 |   4425 |     60 |      0 |   3845 |   5 |  897.0 |
       Dungeon |   4485 |   4425 |     60 |      0 |   3845 |   5 |  897.0 |
               +--------+--------+--------+--------+--------+-----+--------+

Top non-repeatable levels by time:
     D:1: 1422 daAuts
     D:3: 1295 daAuts
     D:4: 891 daAuts
     D:2: 800 daAuts
     D:5: 74 daAuts
